 Dungeon Sprint DCSS version 0.17.1-1-g73c8601 (webtiles) character file.

8762 seyes the Brawler (level 11, -2/140 (144) HPs)
             Began as a Troll Monk on Mar 4, 2016.
             Was a High Priest of Okawaru.
             Engulfed by a cloud of foul pestilence (4 damage)
             ... in the Dungeon (Sprint III: "The Ten Rune Challenge").
             The game lasted 00:20:48 (2161 turns).

seyes the Brawler (Troll Monk)                      Turns: 2161, Time: 00:20:48

HP:   -2/140 (144)  AC:  4    Str: 21    XL:     11   Next: 14%
MP:   10/10         EV: 15    Int:  8    God:    Okawaru [*****.]
Gold: 1195          SH:  0    Dex: 15    Spells: 0 memorised, 10 levels left

rFire  . . .     SeeInvis .       - Unarmed
rCold  . . .     Clarity  .     u - -1 robe (curse)
rNeg   . . .     SustAt   .     (no shield)
rPois  .         Gourm    +     (helmet restricted)
rElec  .         Spirit   .     (no cloak)
rCorr  .         Warding  .     (gloves unavailable)
rMut   .         NoTele   +     (boots unavailable)
MR     .....                    (no amulet)
Stlth  +.........               (no ring)
                                (no ring)

@: lethally poisoned (-2 -> -136), non-regenerating, diseased, slowed, very
slow, not resistant to hostile enchantments, very unstealthy
A: unfitting armour, claws 3, hooves 1, blurry vision 1, clever 1, fast
metabolism 3, gourmand, regeneration 2, robust 1, shaggy fur 1, tough skin 2, no
device heal 1
a: Heroism, Finesse, Renounce Religion


You were in the Dungeon.
You worshipped Okawaru.
Okawaru was extremely pleased with you.
You were full.

You visited 1 branch You collected 1454 gold pieces.
You spent 259 gold pieces at shops.

Inventory:

Hand Weapons
 c - the +1 battleaxe of the Walnut {flame, Dex+7}
   (Okawaru gifted it to you in the Dungeon)

   It has been specially enchanted to burn those struck by it, causing extra
   injury to most foes and up to half again as much damage against particularly
   susceptible opponents.
   Big, fiery blades are also staple armaments of hydra-hunters.
   It affects your dexterity (+7).
 v - a +0 dagger
 x - a +0 blowgun
Missiles
 e - 3 tomahawks (quivered)
 w - 5 large rocks
 y - 6 curare-tipped needles
Armour
 a - a +0 robe
 u - a cursed -1 robe (worn)
Wands
 g - a wand of fireball (1)
Scrolls
 h - 3 scrolls of blinking
 j - a scroll of identify
 l - a scroll of immolation {unknown}
 m - 4 scrolls of remove curse
 p - a scroll of torment {unknown}
 q - a scroll of fog {unknown}
Potions
 d - a potion of heal wounds
 f - 2 potions of magic
 n - 2 potions of cure mutation
 o - 4 potions of flight
 s - a potion of might
Books
 k - a book of Callings

   Spells                             Type                      Level
   a - Summon Small Mammal            Summoning                    1
   b - Call Imp                       Summoning                    2
   c - Call Canine Familiar           Summoning                    3
   d - Summon Guardian Golem          Hexes/Summoning              3
   e - Summon Lightning Spire         Summoning/Air                4
   f - Summon Ice Beast               Ice/Summoning                4
Comestibles
 b - 2 bread rations
 i - 3 royal jellies
 r - 3 fruits
 t - 4 chunks of flesh


   Skills:
 + Level 14.6 Fighting
 + Level 1.4 Throwing
 + Level 9.8 Dodging
 - Level 1.1 Stealth
 + Level 17.1 Unarmed Combat


You had 10 spell levels left.
You didn't know any spells.

Dungeon Overview and Level Annotations

Branches:
Dungeon (1/1)

Altars:
Cheibriados
Dithmenos
Elyvilon
Fedhas
Gozag
Kikubaaqudgha
Makhleb
Nemelex Xobeh
Okawaru
Qazlal
Ru
Sif Muna
Trog
Vehumet
Xom
Yredelemnul
Zin
The Shining One
Jiyva
Lugonu

Shops:
D ?


Innate Abilities, Weirdness & Mutations

You are too large for most types of armour.
You have claws for hands.
Your metabolism is lightning-fast.
You like to eat raw meat.
You heal very quickly.
You are covered in fur (AC +1).
You have very tough skin (AC +2).
You have large cloven feet.
Scrolls take you a little longer to read.
Your mind is acute. (Int +2)
You are robust (+10% HP).
Potions and wands are less effective at restoring your health.


Message History

You are engulfed in dark miasma.
You are more poisoned.
You feel your flesh rotting away!
You feel extremely sick.
Really walk into that cloud of foul pestilence?
You are engulfed in dark miasma.
You are more poisoned.
* * * LOW HITPOINT WARNING * * *
You feel extremely sick.
You are engulfed in dark miasma.
You are more poisoned.
You feel your flesh rotting away!
* * * LOW HITPOINT WARNING * * *
x2 You feel extremely sick.
There is an open door here.
* * * LOW HITPOINT WARNING * * *
You feel extremely sick.
Drink which item? (? for menu, Esc to quit)
Okay, then.
You are engulfed in dark miasma.
You are more poisoned.
You die...

♣♣♣##'########*******,*,*,,
*********#...'.≈≈≈≈#*≈,≈≈≈**,*,*,
≈≈≈≈,,*,,#...#.≈§≈≈#,,≈*≈≈*,*,*,*
≈≈≈,,,*,,#...#§#≈§§#*≈**≈≈*,,,,*,
≈≈≈≈****+#####.#c≈≈§#**≈≈≈*,*,*,*
≈,,,,,,,,#..PP.#*#≈≈≈≈≈≈≈≈*******
,,+******#.§§§P#,*,≈≈≈≈≈≈≈*,,,*,,
,,*,,,,,,#§§§§P#+###≈§≈≈≈≈*,,,*,,
,,****,_,#§§§§P#@§§#,≈≈≈≈≈**+***+
*** ****#'#####§§§#**≈≈***,,,,,,
#.....§§§§+,*,**,*,*****
#.#########****,,+,*,,,+ ******
#§#,,,,,,,,,,,+,,******* *,,,,*
#§#,,,,,,,********,,,,,* *,,,,*
#§#,,,,,***,∩⌠⌠∩,*,,*,,* *,,≈,*
#.#,,,***,*,∩⌠⌠∩,*,*,*,* **,,,**
#.#,***,,,*,∩∩∩∩,*,,,,,*


There were no monsters in sight!

Vanquished Creatures
  Dowan (D)
  Josephine (D)
  A centaur warrior (D)
  3 orc high priests (D)
  2 unseen horrors (D)
  2 deep elf conjurers (D)
  An orc knight (D)
  Duvessa (D)
  4 deep elf priests (D)
  A shadow (D)
  A spatial vortex (D)
  A necrophage (D)
  3 orc warriors (D)
  2 centaurs (D)
  An earth elemental (D)
  A water elemental (D)
  A jelly (D)
  An orc priest (D)
  5 orc wizards (D)
  A necromancer (D)
  A wizard (D)
  A wolf (D)
  A kobold demonologist (D)
  3 humans (D)
  8 orcs (D)
  4 rats (D)
52 creatures vanquished.

Vanquished Creatures (others)
  2 draconian scorchers (D)
  3 yaktaurs (D)
  An orc priest (D)
  3 plants (D)
9 creatures vanquished.

Grand Total: 61 creatures vanquished

Notes
Turn   | Place    | Note
--------------------------------------------------------------
     0 | D        | seyes the Troll Monk began the quest for the Orb.
     0 | D        | Reached XP level 1. HP: 22/22 MP: 0/0
    74 | D        | Noticed a wolf
   102 | D        | Reached skill level 5 in Unarmed Combat
   102 | D        | Reached XP level 2. HP: 24/32 MP: 1/1
   104 | D        | Killed a wolf
   104 | D        | Reached skill level 6 in Unarmed Combat
   104 | D        | Reached XP level 3. HP: 40/40 MP: 2/2
   112 | D        | Killed a yaktaur
   136 | D        | Killed a white draconian scorcher
   182 | D        | Gained mutation: Potions and wands are less effective at restoring your health. [potion of mutation]
   182 | D        | Gained mutation: You are robust (+10% HP). [potion of mutation]
   182 | D        | Gained mutation: Scrolls take you a little longer to read. [potion of mutation]
   183 | D        | Gained mutation: Your mind is acute. (Int +2) [potion of mutation]
   183 | D        | Gained mutation: You have large cloven feet. [potion of mutation]
   191 | D        | Noticed a water elemental
   195 | D        | Killed a water elemental
   195 | D        | Reached skill level 5 in Fighting
   195 | D        | Reached skill level 7 in Unarmed Combat
   195 | D        | Reached XP level 4. HP: 27/57 MP: 3/3
   201 | D        | Killed a white draconian scorcher
   230 | D        | Killed a yaktaur
   248 | D        | Found a glowing silver altar of Zin.
   249 | D        | Found a glowing golden altar of the Shining One.
   249 | D        | Found a white marble altar of Elyvilon.
   249 | D        | Noticed a deep elf priest
   253 | D        | Killed a deep elf priest
   253 | D        | Reached skill level 8 in Fighting
   253 | D        | Reached skill level 10 in Unarmed Combat
   253 | D        | Reached XP level 5. HP: 36/69 MP: 4/4
   253 | D        | Reached XP level 6. HP: 41/79 MP: 5/5
   315 | D        | Found an iron altar of Okawaru.
   315 | D        | Found a bloodstained altar of Trog.
   315 | D        | Noticed a human
   315 | D        | Noticed a human
   333 | D        | Killed a yaktaur
   336 | D        | Killed a human
   340 | D        | Killed a human
   340 | D        | Reached skill level 11 in Unarmed Combat
   340 | D        | Reached XP level 7. HP: 85/91 MP: 6/6
   355 | D        | Became a worshipper of Warmaster Okawaru
   355 | D        | Reached * piety under Okawaru
   355 | D        | Reached ** piety under Okawaru
   363 | D        | Found a basalt altar of Yredelemnul.
   363 | D        | Found a snail-covered altar of Cheibriados.
   363 | D        | Found a blossoming altar of Fedhas.
   363 | D        | Noticed a necrophage
   363 | D        | Noticed a necromancer
   366 | D        | Killed a necrophage
   369 | D        | Killed a necromancer
   369 | D        | Reached skill level 10 in Fighting
   439 | D        | Noticed a jelly
   440 | D        | Noticed a shadow
   445 | D        | Killed a shadow
   445 | D        | Reached skill level 12 in Unarmed Combat
   446 | D        | Killed a jelly
   507 | D        | Found a stormy altar of Qazlal.
   508 | D        | Found a sacrificial altar of Ru.
   508 | D        | Found a burning altar of Makhleb.
   508 | D        | Found a viscous altar of Jiyva.
   508 | D        | Found a shimmering altar of Xom.
   508 | D        | Found a shadowy altar of Dithmenos.
   508 | D        | Found a sparkling altar of Nemelex Xobeh.
   508 | D        | Found a corrupted altar of Lugonu.
   508 | D        | Found an opulent altar of Gozag.
   508 | D        | Noticed a spatial vortex
   515 | D        | Killed a spatial vortex
   515 | D        | Reached XP level 8. HP: 105/105 MP: 7/7
   534 | D        | Found a radiant altar of Vehumet.
   534 | D        | Found a deep blue altar of Sif Muna.
   534 | D        | Found an ancient bone altar of Kikubaaqudgha.
   534 | D        | Noticed a wizard
   540 | D        | Killed a wizard
   576 | D        | Noticed Josephine
   597 | D        | Killed Josephine
   597 | D        | Reached *** piety under Okawaru
   597 | D        | Reached skill level 14 in Unarmed Combat
   614 | D        | Noticed an orc wizard
   615 | D        | Noticed an orc wizard
   616 | D        | Noticed an orc wizard
   616 | D        | Noticed an orc wizard
   616 | D        | Noticed an orc knight
   616 | D        | Noticed an orc warrior
   616 | D        | Noticed an orc wizard
   616 | D        | Noticed an orc high priest
   616 | D        | Noticed an orc warrior
   616 | D        | Noticed an orc warrior
   624 | D        | Killed an orc wizard
   645 | D        | Killed an orc knight
   645 | D        | Reached XP level 9. HP: 73/116 MP: 8/8
   646 | D        | Killed an orc warrior
   650 | D        | Noticed a hellwing
   650 | D        | Noticed a hellwing
   655 | D        | Killed an orc high priest
   655 | D        | Reached **** piety under Okawaru
   655 | D        | Reached skill level 5 in Dodging
   658 | D        | Killed an orc wizard
   659 | D        | Killed an orc wizard
   659 | D        | Reached skill level 15 in Unarmed Combat
   670 | D        | Killed an orc warrior
   674 | D        | Killed an orc wizard
   680 | D        | Killed an orc warrior
   683 | D        | Killed an orc wizard
   691 | D        | Found Busas's Magic Scroll Boutique.
   839 | D        | Noticed an earth elemental
   844 | D        | Killed an earth elemental
   865 | D        | Noticed a centaur
   865 | D        | Noticed a centaur warrior
   865 | D        | Noticed a centaur
   873 | D        | Killed a centaur warrior
   873 | D        | Reached ***** piety under Okawaru
   873 | D        | Reached XP level 10. HP: 94/130 MP: 9/9
   881 | D        | Killed a centaur
   900 | D        | Killed a centaur
   951 | D        | Killed an unseen horror
   951 | D        | Received a gift from Okawaru
   952 | D        | Got a smoking battleaxe {god gift}
   954 | D        | Identified the +1 battleaxe of the Walnut {flame, Dex+7} (Okawaru gifted it to you in the Dungeon)
   973 | D        | HP: 4/130 [something (8)]
  1360 | D        | Killed an unseen horror
  1360 | D        | Reached skill level 16 in Unarmed Combat
  1534 | D        | Noticed a wandering mushroom
  1570 | D        | Noticed a deep elf priest
  1570 | D        | Noticed a deep elf priest
  1570 | D        | Noticed a deep elf conjurer
  1570 | D        | Noticed a deep elf conjurer
  1570 | D        | Noticed a deep elf priest
  1586 | D        | Killed a deep elf conjurer
  1590 | D        | Killed a deep elf conjurer
  1592 | D        | Killed a deep elf priest
  1595 | D        | Killed a deep elf priest
  1598 | D        | Killed a deep elf priest
  1607 | D        | Noticed a deep elf conjurer
  1608 | D        | Noticed a deep elf conjurer
  1609 | D        | Noticed a deep elf annihilator
  1609 | D        | Noticed a deep elf high priest
  1611 | D        | Noticed a deep elf conjurer
  1612 | D        | Noticed a deep elf blademaster
  1634 | D        | Bought a scroll of blinking for 105 gold pieces
  1634 | D        | Bought a scroll of blinking for 105 gold pieces
  1634 | D        | Bought a scroll of magic mapping for 49 gold pieces
  1679 | D        | Noticed Dowan
  1679 | D        | Noticed Duvessa
  1688 | D        | Killed Dowan
  1688 | D        | Received a gift from Okawaru
  1688 | D        | Reached skill level 17 in Unarmed Combat
  1688 | D        | Reached XP level 11. HP: 114/144 MP: 10/10
  1707 | D        | Killed Duvessa
  1939 | D        | Noticed an orc priest
  1939 | D        | Noticed an orc high priest
  1940 | D        | Noticed an orc high priest
  1942 | D        | Noticed a yaktaur captain
  1979 | D        | Noticed a sun demon
  2005 | D        | Killed an orc priest
  2012 | D        | Killed an orc high priest
  2012 | D        | Reached skill level 1 in Throwing
  2080 | D        | Killed an orc priest
  2121 | D        | Killed an orc high priest
  2160 | D        | HP: 2/140 [poison (dark miasma)]
  2161 | D        | Engulfed by a cloud of foul pestilence

Action                   |  1- 3 |  4- 6 |  7- 9 | 10-12 || total
-------------------------+-------+-------+-------+-------++-------
Melee: Unarmed           |    32 |    15 |    77 |    85 ||   209
Throw: Tomahawk          |       |       |     1 |       ||     1
Invok: Heroism           |       |       |     3 |     2 ||     5
  Use: Potion            |     3 |       |     3 |       ||     6
       Scroll            |     2 |       |       |     1 ||     3
  Eat: Chunk             |     8 |     1 |     6 |     8 ||    23
